AoeStats
← danjo

MegaRandom

504964799Analyzed
1v1 RM · 26d ago on Sep 7, 2026· 24m 28s· 2 players
Game mode
Random Map
Map size
Tiny (2 player)
Population
200
Speed
Normal
Resources
Standard
Victory
Conquest
Starting age
Dark Age
Ending age
Imperial Age
RankedLock teamsTeams togetherTeam positionsShared explorationLock speedFull tech treeHidden civsTurbo modeCheats
Victory
Defeat
🇺🇸 Malians · United States
1022
+17
🇩🇪 Malians · Germany
1033
-17
SHEEP STEALER
7:00 Loom
9:42 Feudal Age
14:10 Castle Age
23:42 Double-Bit Axe
24:05 Fletching
danjo
10:34 Feudal Age
11:22 Loom
15:53 Castle Age
15:19 Double-Bit Axe
16:43 Fletching
Connection lost

Rejoining the realm…

Still unreachable

The connection could not be restored.

Session expired

The server has moved on; the page needs a fresh start.